TOP OF THE 1ST |
St. Louis Browns batting - Pitching for Portland Philospher Kings : RHP Dionisio Penni
|
Pitching: RHP Dionisio Penni
|
|
Batting: LHB Joe Sanders
|
0-0: Ball 1-0: Foul Ball, location: 2F 1-1: Ball 2-1: Called Strike 2-2: Ball 3-2: Foul Ball, location: 2F 3-2: Fly out, F7 (Flyball, 78S)
|
Batting: LHB Mike Hill
|
0-0: Fly out, F8 (Flyball, 8LM)
|
Batting: LHB Mario García
|
0-0: Reached on error, E2 (Groundball, 2R)
|
Batting: LHB Stan Hickman
|
0-0: Ground out 1-3 (Groundball, 13)
|
Top of the 1st over - 0 run(s), 0 hit(s), 1 error(s), 1 left on base; St. Louis 0 - Portland 0 |
BOTTOM OF THE 1ST |
Portland Philospher Kings batting - Pitching for St. Louis Browns : RHP Mang Tow
|
Pitching: RHP Mang Tow
|
|
Batting: LHB Keith Beard
|
0-0: Foul Ball, location: 2F 0-1: Ground out 4-3 (Groundball, 34)
|
Batting: LHB Jeff Daniels
|
0-0: Called Strike 0-1: Ball 1-1: Ground out 3-1 (Groundball, 34)
|
Batting: LHB Tom Blake
|
0-0: SINGLE (Flyball, 4MD)
|
Batting: LHB Paul Mullins
|
0-0: Called Strike 0-1: Ball 1-1: Foul Ball, location: 2F 1-2: SINGLE (Groundball, 56D) Tom Blake to second
|
Batting: RHB Aaron Scott
|
0-0: Ball 1-0: Foul Ball, location: 2F 1-1: Called Strike Balk! Tom Blake to third Paul Mullins to second 1-2: Ball 2-2: Ball 3-2: Foul Ball, location: 2F 3-2: Ground out 5-3 (Groundball, 56)
|
Bottom of the 1st over - 0 run(s), 2 hit(s), 0 error(s), 2 left on base; St. Louis 0 - Portland 0 |
TOP OF THE 2ND |
St. Louis Browns batting - Pitching for Portland Philospher Kings : RHP Dionisio Penni
|
Batting: LHB Jorge Torres
|
0-0: Ball 1-0: Swinging Strike 1-1: Called Strike 1-2: Foul Ball, location: 2F 1-2: Fly out, F8 (Flyball, 8LD)
|
Batting: LHB Héctor Núñez
|
0-0: Called Strike 0-1: Swinging Strike 0-2: Ball 1-2: SINGLE (Groundball, 56D)
|
Batting: RHB Will Brown
|
0-0: Fielders Choice at 2nd, 6-4 (Groundball, 6M)
|
Batting: LHB Víctor Hernández
|
0-0: Swinging Strike 0-1: Called Strike 0-2: Ball Passed Ball! Will Brown to second 1-2: Ball 2-2: Ball 3-2: Base on Balls
|
Batting: RHB Mario Rosales
|
0-0: Called Strike 0-1: Ball 1-1: Ball 2-1: Foul Ball, location: 2F 2-2: Foul Ball, location: 2F 2-2: SINGLE (Groundball, 6MD) Will Brown to third Víctor Hernández to second Runner from 3rd tries for Home, SAFE, no throw or cutoff
|
Batting: LHB Joe Sanders
|
0-0: Called Strike 0-1: Ball 1-1: Foul Ball, location: 2F 1-2: Foul Ball, location: 2F 1-2: Ball 2-2: Foul Ball, location: 2F 2-2: Ground out U3 (Groundball, 3)
|
Top of the 2nd over - 1 run(s), 2 hit(s), 0 error(s), 2 left on base; St. Louis 1 - Portland 0 |
BOTTOM OF THE 2ND |
Portland Philospher Kings batting - Pitching for St. Louis Browns : RHP Mang Tow
|
Batting: LHB Bill Bertrand
|
0-0: Foul Ball, location: 2F 0-1: SINGLE (Flyball, 8LS)
|
Batting: RHB Paco Arellano
|
0-0: Called Strike 0-1: Ball 1-1: Swinging Strike 1-2: Foul Ball, location: 2F 1-2: Ball 2-2: Ball 3-2: Base on Balls Bill Bertrand to second
|
Batting: RHB Germán Rosales
|
0-0: Called Strike 0-1: Ball 1-1: Ball 2-1: SINGLE (Line Drive, 6M) Bill Bertrand to third Paco Arellano to second
|
Batting: RHB Dani Vázquez
|
0-0: Ball 1-0: Ball 2-0: Foul Ball, location: 2F 2-1: Foul Ball, location: 2F 2-2: Grounds into double play, 4-6-3 (Groundball, 4) Bill Bertrand scores Paco Arellano to third
|
Batting: LHB Keith Beard
|
0-0: Called Strike 0-1: Ball 1-1: Ball 2-1: Fly out, F7 (Flyball, 78D)
|
Bottom of the 2nd over - 1 run(s), 2 hit(s), 0 error(s), 1 left on base; St. Louis 1 - Portland 1 |
TOP OF THE 3RD |
St. Louis Browns batting - Pitching for Portland Philospher Kings : RHP Dionisio Penni
|
Batting: LHB Mike Hill
|
0-0: Called Strike 0-1: Ball 1-1: Called Strike 1-2: Ball 2-2: Foul Ball, location: 2F 2-2: Ball 3-2: Foul Ball, location: 2F 3-2: Base on Balls
|
Batting: LHB Mario García
|
0-0: Ball 1-0: Foul Ball, location: 2F 1-1: 2-RUN HOME RUN (Line Drive, 9D), Distance : 349 ft
|
Batting: LHB Stan Hickman
|
0-0: Ball 1-0: Called Strike 1-1: Called Strike 1-2: SINGLE (Line Drive, 4M)
|
Batting: LHB Jorge Torres
|
0-0: Called Strike Stan Hickman is caught stealing 2nd base 0-1: Ground out 3-1 (Groundball, 3)
|
Batting: LHB Héctor Núñez
|
0-0: Ground out 6-3 (Groundball, 6M)
|
Top of the 3rd over - 2 run(s), 2 hit(s), 0 error(s), 0 left on base; St. Louis 3 - Portland 1 |
BOTTOM OF THE 3RD |
Portland Philospher Kings batting - Pitching for St. Louis Browns : RHP Mang Tow
|
Batting: LHB Jeff Daniels
|
0-0: Foul Ball, location: 2F 0-1: Ball 1-1: Ball 2-1: Foul Ball, location: 2F 2-2: Foul Ball, location: 2F 2-2: Ball 3-2: Strikes out looking
|
Batting: LHB Tom Blake
|
0-0: Swinging Strike 0-1: Ball 1-1: SOLO HOME RUN (Flyball, 89XD), Distance : 363 ft
|
Batting: LHB Paul Mullins
|
0-0: Called Strike 0-1: Ground out 1-3 (Groundball, 15)
|
Batting: RHB Aaron Scott
|
0-0: Ground out 6-3 (Groundball, 4MS)
|
Bottom of the 3rd over - 1 run(s), 1 hit(s), 0 error(s), 0 left on base; St. Louis 3 - Portland 2 |
TOP OF THE 4TH |
St. Louis Browns batting - Pitching for Portland Philospher Kings : RHP Dionisio Penni
|
Batting: RHB Will Brown
|
0-0: Ground out 1-3 (Groundball, 23)
|
Batting: LHB Víctor Hernández
|
0-0: Swinging Strike 0-1: SINGLE (Line Drive, 34D)
|
Batting: RHB Mario Rosales
|
0-0: Called Strike 0-1: Ball 1-1: Ball 2-1: Foul Ball, location: 2F 2-2: Ball 3-2: Foul Ball, location: 2F 3-2: SINGLE (Line Drive, 8LS) Víctor Hernández to second
|
Batting: LHB Joe Sanders
|
0-0: Ball 1-0: Called Strike Víctor Hernández is caught stealing 3rd base Mario Rosales to second 1-1: SINGLE (Groundball, 15) (infield hit) Mario Rosales to third
|
Batting: LHB Mike Hill
|
0-0: DOUBLE (Line Drive, 7LD) Mario Rosales scores Joe Sanders to third
|
Batting: LHB Mario García
|
0-0: Swinging Strike 0-1: Ball 1-1: Swinging Strike 1-2: Reached on error, E6 (Groundball, 6) Joe Sanders scores Mike Hill scores
|
Pitching: RHP Tommy Connare
|
|
Batting: LHB Stan Hickman
|
0-0: Ball 1-0: Foul Ball, location: 2F 1-1: Called Strike 1-2: Ball 2-2: Ball 3-2: Base on Balls
|
Batting: LHB Jorge Torres
|
0-0: Called Strike 0-1: Ground out 6-3 (Groundball, 6)
|
Top of the 4th over - 3 run(s), 4 hit(s), 1 error(s), 2 left on base; St. Louis 6 - Portland 2 |
BOTTOM OF THE 4TH |
Portland Philospher Kings batting - Pitching for St. Louis Browns : RHP Mang Tow
|
Batting: LHB Bill Bertrand
|
0-0: Called Strike 0-1: Ball 1-1: Foul Ball, location: 2F 1-2: Foul Ball, location: 2F 1-2: Foul Ball, location: 2F 1-2: Foul Ball, location: 2F 1-2: Fly out, F9 (Flyball, 9D)
|
Batting: RHB Paco Arellano
|
0-0: Foul Ball, location: 2F 0-1: Ball 1-1: SINGLE (Flyball, 4D)
|
Batting: RHB Germán Rosales
|
0-0: Ball Paco Arellano steals 2nd base 1-0: Ball 2-0: Foul Ball, location: 2F 2-1: Foul Ball, location: 2F 2-2: Ball 3-2: Strikes out swinging
|
Batting: RHB Dani Vázquez
|
0-0: Ball 1-0: Foul Ball, location: 2F 1-1: Ground out 4-3 (Groundball, 4)
|
Bottom of the 4th over - 0 run(s), 1 hit(s), 0 error(s), 1 left on base; St. Louis 6 - Portland 2 |
TOP OF THE 5TH |
St. Louis Browns batting - Pitching for Portland Philospher Kings : RHP Tommy Connare
|
Batting: LHB Héctor Núñez
|
0-0: Called Strike 0-1: Swinging Strike 0-2: Ball 1-2: Ball 2-2: Ground out 4-3 (Groundball, 4)
|
Batting: RHB Will Brown
|
0-0: DOUBLE (Groundball, 5L)
|
Batting: LHB Víctor Hernández
|
0-0: Swinging Strike 0-1: Foul Ball, location: 2F 0-2: Ball 1-2: Ball 2-2: Strikes out swinging
|
Batting: RHB Mario Rosales
|
0-0: Called Strike 0-1: Fly out, F8 (Popup, 6MD)
|
Top of the 5th over - 0 run(s), 1 hit(s), 0 error(s), 1 left on base; St. Louis 6 - Portland 2 |
BOTTOM OF THE 5TH |
Portland Philospher Kings batting - Pitching for St. Louis Browns : RHP Mang Tow
|
Batting: LHB Keith Beard
|
0-0: Ground out 4-3 (Groundball, 4)
|
Batting: LHB Jeff Daniels
|
0-0: Foul Ball, location: 2F 0-1: Ball 1-1: Swinging Strike 1-2: Ball 2-2: Ball 3-2: Ground out 4-3 (Groundball, 34)
|
Batting: LHB Tom Blake
|
0-0: Called Strike 0-1: Ball 1-1: Ball 2-1: Ball 3-1: SINGLE (Line Drive, 4MD)
|
Batting: LHB Paul Mullins
|
0-0: Called Strike 0-1: Ball 1-1: Swinging Strike 1-2: Ball 2-2: Ball 3-2: Foul Ball, location: 2F 3-2: SINGLE (Line Drive, 9LS) Tom Blake to second Tom Blake to third
|
Batting: RHB Aaron Scott
|
0-0: Called Strike 0-1: Foul Ball, location: 2F 0-2: Foul Ball, location: 2F 0-2: Foul Ball, location: 2F 0-2: Hit by Pitch Paul Mullins to second
|
Batting: LHB Bill Bertrand
|
0-0: Called Strike 0-1: Ball 1-1: Ball 2-1: Swinging Strike 2-2: Ball 3-2: Base on Balls Tom Blake scores Paul Mullins to third Aaron Scott to second
|
Batting: RHB Paco Arellano
|
0-0: Ball 1-0: Foul Ball, location: 2F 1-1: Swinging Strike 1-2: Strikes out swinging
|
Bottom of the 5th over - 1 run(s), 2 hit(s), 0 error(s), 3 left on base; St. Louis 6 - Portland 3 |
TOP OF THE 6TH |
St. Louis Browns batting - Pitching for Portland Philospher Kings : RHP Tommy Connare
|
Batting: LHB Joe Sanders
|
0-0: Swinging Strike 0-1: Ball 1-1: Foul Ball, location: 2F 1-2: Ground out 4-3 (Groundball, 4)
|
Batting: LHB Mike Hill
|
0-0: Called Strike 0-1: Ball 1-1: Foul Ball, location: 2F 1-2: Fly out, F8 (Flyball, 8RD)
|
Batting: LHB Mario García
|
0-0: Ball 1-0: Called Strike 1-1: Ball 2-1: Ball 3-1: Base on Balls
|
Batting: LHB Stan Hickman
|
0-0: Ball 1-0: Called Strike 1-1: Swinging Strike 1-2: Ball 2-2: Ball 3-2: Base on Balls Mario García to second
|
Batting: LHB Jorge Torres
|
0-0: Called Strike 0-1: Ball 1-1: Foul Ball, location: 2F 1-2: Ball 2-2: Foul Ball, location: 2F 2-2: Ball 3-2: Ground out U3 (Groundball, 3S)
|
Top of the 6th over - 0 run(s), 0 hit(s), 0 error(s), 2 left on base; St. Louis 6 - Portland 3 |
BOTTOM OF THE 6TH |
Portland Philospher Kings batting - Pitching for St. Louis Browns : RHP Mang Tow
|
Batting: RHB Germán Rosales
|
0-0: Ball 1-0: Swinging Strike 1-1: SOLO HOME RUN (Flyball, 89XD), Distance : 373 ft
|
Batting: RHB Dani Vázquez
|
0-0: Ball 1-0: Foul Ball, location: 2F 1-1: Foul Ball, location: 2F 1-2: Foul Ball, location: 2F 1-2: Strikes out swinging
|
Batting: LHB Keith Beard
|
0-0: Bunted foul 0-1: Ground out 4-3 (Groundball, 4)
|
Batting: LHB Jeff Daniels
|
0-0: Ball 1-0: Ball 2-0: Foul Ball, location: 2F 2-1: Foul Ball, location: 2F 2-2: Ball 3-2: Foul Ball, location: 2F 3-2: SOLO HOME RUN (Flyball, 9D), Distance : 360 ft
|
Batting: LHB Tom Blake
|
0-0: Ball 1-0: Ball 2-0: Ball 3-0: Called Strike 3-1: Called Strike 3-2: Foul Ball, location: 2F 3-2: SINGLE (Groundball, 3D)
|
Pitching: RHP Ramón Silva
|
|
Batting: LHB Paul Mullins
|
0-0: Ball 1-0: Swinging Strike 1-1: Foul Ball, location: 2F 1-2: Ball 2-2: Foul Ball, location: 2F 2-2: Strikes out swinging
|
Bottom of the 6th over - 2 run(s), 3 hit(s), 0 error(s), 1 left on base; St. Louis 6 - Portland 5 |
TOP OF THE 7TH |
St. Louis Browns batting - Pitching for Portland Philospher Kings : RHP Tommy Connare
|
Pitching: LHP Edgardo Guzmán
|
|
Batting: LHB Héctor Núñez
|
0-0: SINGLE (Line Drive, 56)
|
Batting: RHB Will Brown
|
0-0: Ball 1-0: Foul Ball, location: 2F 1-1: Swinging Strike 1-2: Ball 2-2: Strikes out swinging
|
Pinch Hitting: RHB Wilson Martínez
|
0-0: Foul Ball, location: 2F 0-1: Grounds into double play, 1-4-3 (Groundball, 13S)
|
Top of the 7th over - 0 run(s), 1 hit(s), 0 error(s), 0 left on base; St. Louis 6 - Portland 5 |
BOTTOM OF THE 7TH |
Portland Philospher Kings batting - Pitching for St. Louis Browns : RHP Ramón Silva
|
Now at SS: George Howard
|
|
Batting: RHB Aaron Scott
|
0-0: Fly out, F2 (Popup, 2LF)
|
Batting: LHB Bill Bertrand
|
0-0: Called Strike 0-1: Called Strike 0-2: Fly out, F7 (Flyball, 7LD)
|
Batting: RHB Paco Arellano
|
0-0: Ball 1-0: Ground out 5-3 (Groundball, 5)
|
Bottom of the 7th over - 0 run(s), 0 hit(s), 0 error(s), 0 left on base; St. Louis 6 - Portland 5 |
TOP OF THE 8TH |
St. Louis Browns batting - Pitching for Portland Philospher Kings : LHP Edgardo Guzmán
|
Batting: RHB Mario Rosales
|
0-0: Ball 1-0: Ball 2-0: Foul Ball, location: 2F 2-1: DOUBLE (Line Drive, 9LS)
|
Batting: LHB Joe Sanders
|
0-0: Ball 1-0: Fly out, F7 (Popup, 7S)
|
Batting: LHB Mike Hill
|
0-0: Called Strike 0-1: Ball 1-1: Ball Mario Rosales is caught stealing 3rd base 2-1: Ground out 1-3 (Groundball, 25)
|
Top of the 8th over - 0 run(s), 1 hit(s), 0 error(s), 0 left on base; St. Louis 6 - Portland 5 |
BOTTOM OF THE 8TH |
Portland Philospher Kings batting - Pitching for St. Louis Browns : RHP Ramón Silva
|
Batting: RHB Germán Rosales
|
0-0: Called Strike 0-1: Foul Ball, location: 2F 0-2: Ball 1-2: SINGLE (Groundball, 5L)
|
Pinch Hitting: SHB José Alomar
|
0-0: Sac Bunt - play at first, batter OUT! 1-4 Germán Rosales to second
|
Pitching: LHP Keith Hill
|
|
Batting: LHB Keith Beard
|
0-0: Foul Ball, location: 2F 0-1: Called Strike 0-2: Ball 1-2: Foul Ball, location: 2F 1-2: Ball 2-2: Foul Ball, location: 2F 2-2: Ball 3-2: Foul Ball, location: 2F 3-2: Foul Ball, location: 2F 3-2: Fly out, F8 (Flyball, 8LM)
|
Batting: LHB Jeff Daniels
|
0-0: Fly out, F8 (Line Drive, 8RD)
|
Bottom of the 8th over - 0 run(s), 1 hit(s), 0 error(s), 1 left on base; St. Louis 6 - Portland 5 |
TOP OF THE 9TH |
St. Louis Browns batting - Pitching for Portland Philospher Kings : LHP Edgardo Guzmán
|
Pitching: RHP Steve Griffin
|
|
Now at SS: Kazushige Aoki
|
|
Batting: LHB Mario García
|
0-0: Ball 1-0: Foul Ball, location: 2F 1-1: Ground out 6-3 (Groundball, 6M)
|
Batting: LHB Stan Hickman
|
0-0: Called Strike 0-1: Called Strike 0-2: Foul Ball, location: 2F 0-2: Ball 1-2: Foul Ball, location: 2F 1-2: Strikes out swinging
|
Batting: LHB Jorge Torres
|
0-0: Ball 1-0: Swinging Strike 1-1: Foul Ball, location: 2F 1-2: Ball 2-2: Ball 3-2: Base on Balls
|
Batting: LHB Héctor Núñez
|
0-0: Ball 1-0: Swinging Strike 1-1: Ball 2-1: Called Strike 2-2: Strikes out looking
|
Top of the 9th over - 0 run(s), 0 hit(s), 0 error(s), 1 left on base; St. Louis 6 - Portland 5 |
BOTTOM OF THE 9TH |
Portland Philospher Kings batting - Pitching for St. Louis Browns : LHP Keith Hill
|
Pitching: LHP Brent Miller
|
|
Batting: LHB Tom Blake
|
0-0: Swinging Strike 0-1: Ball 1-1: Foul Ball, location: 2F 1-2: Ball 2-2: Foul Ball, location: 2F 2-2: Foul Ball, location: 2F 2-2: Strikes out swinging
|
Batting: LHB Paul Mullins
|
0-0: Ball 1-0: Swinging Strike 1-1: Called Strike 1-2: Ball 2-2: Strikes out swinging
|
Batting: RHB Aaron Scott
|
0-0: Ball 1-0: Called Strike 1-1: Ground out 4-3 (Groundball, 4)
|
Bottom of the 9th over - 0 run(s), 0 hit(s), 0 error(s), 0 left on base; St. Louis 6 - Portland 5 |
|